 Dungeon Sprint DCSS version 0.21.1-1-g345015f (webtiles) character file.

347221 equalderp2856 the Minotaur Barricade (level 19, -7/207 HPs)
             Began as a Minotaur Fighter on May 18, 2018.
             Mangled by an Orb Guardian (50 damage)
             ... in the Dungeon (Sprint IX: "|||||||||||||||||||||||||||||") on May 19, 2018.
             The game lasted 00:39:11 (19319 turns).

equalderp2856 the Minotaur Barricade (MiFi)        Turns: 19319, Time: 00:39:12

Health: -7/207     AC: 40    Str: 20    XL:     19   Next: 93%
Magic:  28/28      EV: 29    Int:  5    God:
Gold:   685        SH: 29    Dex: 17    Spells: 40/44 levels left

rFire    + + .     SeeInvis .   z - +9 double sword (protect)
rCold    x . .     Gourm    .   O - +3 large shield
rNeg     . . .     Faith    .   y - +0 plate armour {rF+}
rPois    +         Spirit   .   s - +2 hat
rElec    .         Reflect  .   Q - +0 cloak {rPois}
rCorr    .         Harm     .   R - +0 pair of gloves of Unambiguity {rPois MR+ Dex+4}
MR       ++...     NoTele   +   W - +2 pair of boots {run}
Stlth    ++........             (no amulet)
HPRegen  0.44/turn              C - ring of fire
MPRegen  0.21/turn              J - +4 ring of evasion

@: protection aura, quick
A: retaliatory headbutt, horns 2, repulsion field 1, blurry vision 1, dopey 2,
low mp 2, screaming 1, shaggy fur 1, weak 1
}: 5/15 runes: decaying, serpentine, barnacled, silver, gossamer
a: no special abilities


You were in the Dungeon.
You were not hungry.

You visited 1 branch You collected 1929 gold pieces.
You spent 1244 gold pieces at shops.

Inventory:

Hand Weapons
 a - a +1 long sword of slicing
 p - the +1 broad axe "Wezil" {freeze, rPois Str+4 Dex+4}
   (You found it in the Dungeon)

   It has been specially enchanted to freeze those struck by it, causing extra
   injury to most foes and up to half again as much damage against particularly
   susceptible opponents.
   It can also slow down cold-blooded creatures.
   It affects your strength (+4).
   It affects your dexterity (+4).
   It protects you from poison.
 x - a +2 rapier of electrocution
 z - a +9 double sword of protection (weapon)
 B - a +2 scimitar of holy wrath
 M - a +2 triple sword
 N - a +4 double sword
 X - a +2 long sword of electrocution
Armour
 r - +5 storm dragon scales
 s - a +2 hat (worn)
 y - a +0 plate armour of fire resistance (worn)
 A - a +6 plate armour
 F - a +1 pair of gloves
 G - +4 swamp dragon scales
 O - a +3 large shield (worn)
 P - a +2 chain mail of poison resistance
 Q - a +0 cloak of poison resistance (worn)
 R - the +0 pair of gloves of Unambiguity (worn) {rPois MR+ Dex+4}
   (You found it in the Dungeon)

   It affects your dexterity (+4).
   It protects you from poison.
   It affects your resistance to hostile enchantments.
 W - a +2 pair of boots of running (worn)
Jewellery
 b - the ring "Sawkytis" {rCorr Str+3}
   (You found it in the Dungeon)

   [ring of resist corrosion]

   It affects your strength (+3).
 c - the ring "Cyuxun" {rC+ Int+3 SInv}
   (You found it in the Dungeon)

   [ring of intelligence]

   It affects your intelligence (+3).
   It protects you from cold.
   It lets you see invisible.
 j - an uncursed ring of wizardry
 t - a +2 ring of protection
 C - a ring of fire (left hand)
 D - an uncursed ring of protection from cold
 E - an uncursed ring of ice
 I - a +4 ring of protection
 J - a +4 ring of evasion (right hand)
 K - a +2 ring of slaying
 L - an uncursed amulet of regeneration
 S - the ring "Qox Coho" {rC+ Dex+3}
   (You found it in the Dungeon)

   [ring of protection from cold]

   It affects your dexterity (+3).
   It protects you from cold.
 Y - the ring of Sonogur {*Contam rElec rF+ Dex+9 Slay+3}
   (You found it in the Dungeon)

   [ring of slaying]

   It affects your dexterity (+9).
   It affects your accuracy and damage with ranged weapons and melee attacks
   (+3).
   It protects you from fire.
   It insulates you from electricity.
   It causes magical contamination when unequipped.
Wands
 o - a wand of iceblast (9)
Scrolls
 k - a scroll of blinking
 m - 12 scrolls of remove curse
 n - 2 scrolls of amnesia
 v - 12 scrolls of enchant armour
 w - 2 scrolls of enchant weapon
 Z - a scroll of identify
Potions
 d - a potion of might
 e - 7 potions of curing
 g - 13 potions of heal wounds
 i - 4 potions of magic
 l - a potion of invisibility
 q - a potion of berserk rage
 u - 5 potions of agility
 H - 6 potions of haste
 T - 2 potions of flight
Books
 V - a book of Callings

   Spells                             Type                      Level
   a - Summon Small Mammal            Summoning                    1
   b - Call Imp                       Summoning                    2
   c - Call Canine Familiar           Summoning                    3
   d - Summon Guardian Golem          Hexes/Summoning              3
   e - Summon Lightning Spire         Summoning/Air                4
   f - Summon Ice Beast               Ice/Summoning                4
Miscellaneous
 h - a lightning rod (4/4)
 U - 2 phantom mirrors
Comestibles
 f - 12 rations


   Skills:
 O Level 27 Fighting
 + Level 5.8(18.1) Short Blades
 O Level 27 Long Blades
 + Level 18.0 Axes
 O Level 27 Armour
 O Level 27 Dodging
 + Level 16.7 Stealth
 O Level 27 Shields
 * Level 13.4 Spellcasting
 * Level 14.3 Summonings
 O Level 27 Evocations


You had 40 spell levels left.
You knew the following spells:

 Your Spells              Type           Power        Failure   Level  Hunger
a - Summon Lightning Spi  Summ/Air       ##......     30%         4    ####...


Dungeon Overview and Level Annotations

Branches:
Dungeon (1/1)

Altars:
Cheibriados
Dithmenos
Elyvilon
Fedhas
Gozag
Hepliaklqana
Kikubaaqudgha
Makhleb
Nemelex Xobeh
Okawaru
Qazlal
Ru
Sif Muna
Trog
Uskayaw
Vehumet
Wu Jian
Xom
Yredelemnul
Zin
The Shining One
Beogh
Jiyva
Lugonu

Shops:
D }?*


Innate Abilities, Weirdness & Mutations

You reflexively headbutt those who attack you in melee.
You have a pair of horns on your head.
You are surrounded by a mild repulsion field. (EV +2)
Scrolls take you a little longer to read.
You are very dopey. (Int -4)
Your magical capacity is very low. (-20% MP)
You occasionally shout uncontrollably at your foes.
You are covered in fur. (AC +1)
You are weak. (Str -2)


Message History

The moth of wrath goads the Orb Guardian on!
The Orb Guardian goes berserk!
Unknown command.
You miss the Orb Guardian. You block the Orb Guardian's attack. x2
You slice the Orb Guardian!!
You headbutt the Orb Guardian, but do no damage.
The Orb Guardian is moderately wounded.
The Orb Guardian completely misses you. You furiously retaliate!
You headbutt the Orb Guardian! You slash the Orb Guardian!
The Orb Guardian is moderately wounded.
You block the Orb Guardian's attack. x2
You closely miss the Orb Guardian. Your headbutt misses the Orb Guardian.
The Orb Guardian is moderately wounded.
The Orb Guardian completely misses you. You furiously retaliate!
You headbutt the Orb Guardian, but do no damage.
You barely miss the Orb Guardian.
The Orb Guardian is moderately wounded.
The Orb Guardian hits you!!!
You die...

.▓.▓.▓.▓.▓.▓.▓.▓,*,*+*,*,*,*,*
.▓.▓.▓.▓'▓.▓.▓.▓.▓,*,*,*+*,*,*
.▓.▓.▓[▓.▓.▓.▓.▓.▓,*,*,*,*,*,*
.▓.▓.▓.▓}▓.▓.▓.▓.▓,*,*,*,*,*,*
.▓.▓[▓.▓.▓.▓.▓.▓.▓,*,*,*,*,*,*
.▓.▓.▓.▓.▓.▓.▓.▓0▓,*,*,*,*,*,*
.▓.▓(▓.▓.▓.▓.▓.▓y▓,*,*,*,*,*,*
.▓.▓.▓.▓.▓.▓)▓.▓X▓,*,*,*,*,*,*
.▓.▓[▓.▓.▓.▓)▓.▓@▓,*,*,*,*,*,*
.▓.▓.▓.▓.▓.▓'▓.▓.▓,*,*,*,*,*,*
)▓.▓.▓.▓.▓.▓[▓.▓.▓,*,*,*,*,*,*
)▓.▓.▓.▓.▓.▓.▓.▓.▓,*,*,*,*,*,*
)▓.▓.▓.▓.▓.▓.▓.▓'▓,*,*,*,*,*,*
)▓.▓.▓.▓.▓)▓.▓.▓.▓,*,*,*+*,*,*
.▓.▓)▓.▓.▓.▓.▓.▓.▓,*,*,*,*,*,*
.▓.▓[▓.▓.▓.▓)▓.▓.▓,*,*,*,*,*,*
.▓.▓)▓.▓.▓.▓)▓.▓.▓,*,*,*,*,*,*


You could see an Orb Guardian (berserk) and a moth of wrath.

Vanquished Creatures
  Mara (D)
  3 orbs of fire (D)
  3 ancient liches (D)
  Boris (D)
  Frederick (D)
  6 golden dragons (D)
  A lich (D)
  4 electric golems (D)
  10 tentacled monstrosities (D)
  2 quicksilver dragons (D)
  25 Orb Guardians (D)
  A sphinx (D)
  6 shadow dragons (D)
  Agnes (D)
  7 storm dragons (D)
  Kirke (D)
  A thorn hunter (D)
  5 nagarajas (D)
  Ilsuiw (D)
  A fire giant (D)
  2 draconian knights (D)
  2 vault wardens (D)
  2 ghost moths (D)
  A frost giant (D)
  5 emperor scorpions (D)
  3 draconian stormcallers (D)
  5 ironheart preservers (D)
  3 very ugly things (D)
  2 entropy weavers (D)
  3 draconian annihilators (D)
  3 green draconians (D)
  5 stone giants (D)
  4 white draconians (D)
  2 purple draconians (D)
  3 red draconians (D)
  A black draconian (D)
  Snorg (D)
  4 merfolk impalers (D)
  2 merfolk javelineers (D)
  6 yaktaur captains (D)
  3 fire dragons (D)
  5 ice dragons (D)
  3 great orbs of eyes (D)
  25 vault guards (D)
  3 naga warriors (D)
  2 rakshasas (D)
  8 hydras (D)
  Erolcha (D)
  A spriggan air mage (D)
  A centaur warrior (D)
  5 merfolk aquamancers (D)
  A deep troll shaman (D)
  A satyr (D)
  A merfolk avatar (D)
  2 tengu warriors (D)
  An anaconda (D)
  3 deep troll earth magi (D)
  8 orc high priests (D)
  A skeletal warrior (D)
  A sea snake (D)
  2 flayed ghosts (D)
  4 swamp dragons (D)
  14 orc knights (D)
  2 glowing orange brains (D)
  An ironbrand convoker (D)
  2 harpies (D)
  3 ugly things (D)
  A mana viper (D)
  An orc sorcerer (D)
  5 wolf spiders (D)
  8 moths of wrath (D)
  4 guardian serpents (D)
  An elephant (D)
  An elephant (shapeshifter) (D)
  A salamander (shapeshifter) (D)
  Joseph (D)
  A black mamba (D)
  A merfolk siren (D)
  5 naga magi (D)
  A guardian serpent (shapeshifter) (D)
  A water nymph (D)
  Psyche (D)
  3 vault sentinels (D)
  8 spiny frogs (D)
  2 gargoyles (D)
  2 freezing wraiths (D)
  A komodo dragon (D)
  3 demonic crawlers (D)
  A merfolk (D)
  A tengu conjurer (D)
  3 jumping spiders (D)
  A blink frog (D)
  A wind drake (D)
  5 tyrant leeches (D)
  4 hippogriffs (D)
  A snapping turtle (D)
  3 slime creatures (D)
  5 redbacks (D)
  2 shadows (D)
  A water elemental (D)
  A yak (D)
  Grum (D)
  A hog (D)
  A vampire mosquito (D)
  2 nagas (D)
  2 acid dragons (D)
  A water moccasin (D)
  5 porcupines (D)
  2 swamp drakes (D)
  A sky beast (D)
  7 orc warriors (D)
  A boggart (D)
  A centaur (D)
  2 wolves (D)
  A crocodile (D)
  7 bullfrogs (D)
  A wight (D)
  An orc priest (D)
  3 orc wizards (D)
  2 worker ants (D)
  An adder skeleton (D)
  2 dart slugs (D)
  12 orcs (D)
  A bat skeleton (D)
  A goblin (D)
  A jackal (D)
  2 kobolds (D)
  A quokka (D)
  A frilled lizard (D)
  6 briar patches (D)
395 creatures vanquished.

Vanquished Creatures (others)
  A fire dragon (D)
  An unseen horror (D)
2 creatures vanquished.

Grand Total: 397 creatures vanquished

Notes
Turn   | Place    | Note
-------+----------+-------------------------------------------
     0 | D        | equalderp2856 the Minotaur Fighter began the quest for the Orb.
     0 | D        | Reached XP level 1. HP: 19/19 MP: 0/0
    16 | D        | Reached XP level 2. HP: 13/28 MP: 1/1
   188 | D        | Reached skill level 5 in Fighting
   188 | D        | Reached skill level 5 in Armour
   188 | D        | Reached skill level 5 in Shields
   188 | D        | Reached XP level 3. HP: 8/36 MP: 2/2
   560 | D        | Found a roughly hewn altar of Beogh.
   560 | D        | Found a snail-covered altar of Cheibriados.
   560 | D        | Found a shadowy altar of Dithmenos.
   560 | D        | Found a white marble altar of Elyvilon.
   560 | D        | Found a blossoming altar of Fedhas.
   560 | D        | Found an opulent altar of Gozag.
   561 | D        | Found a hazy altar of Hepliaklqana.
   584 | D        | Found a viscous altar of Jiyva.
   585 | D        | Found an ancient bone altar of Kikubaaqudgha.
   586 | D        | Found a corrupted altar of Lugonu.
   587 | D        | Found a burning altar of Makhleb.
   588 | D        | Found a sparkling altar of Nemelex Xobeh.
   589 | D        | Found an iron altar of Okawaru.
   590 | D        | Found a stormy altar of Qazlal.
   591 | D        | Found a sacrificial altar of Ru.
   592 | D        | Found a deep blue altar of Sif Muna.
   593 | D        | Found a bloodstained altar of Trog.
   594 | D        | Found a hide-covered altar of Uskayaw.
   595 | D        | Found a radiant altar of Vehumet.
   596 | D        | Found an ornate altar of the Wu Jian Council.
   597 | D        | Found a shimmering altar of Xom.
   598 | D        | Found a basalt altar of Yredelemnul.
   599 | D        | Found a glowing silver altar of Zin.
   600 | D        | Found a glowing golden altar of the Shining One.
   619 | D        | Got the +1 broad axe "Wezil" {freeze, rPois Str+4 Dex+4}
   653 | D        | Noticed a bullfrog
   653 | D        | Noticed a hippogriff
   653 | D        | Noticed a hippogriff
   653 | D        | Noticed a centaur
   656 | D        | Killed a centaur
   656 | D        | Reached skill level 5 in Long Blades
   656 | D        | Reached XP level 4. HP: 35/45 MP: 3/3
   665 | D        | Killed a hippogriff
   665 | D        | Reached XP level 5. HP: 32/56 MP: 4/4
   665 | D        | Reached XP level 6. HP: 35/62 MP: 5/5
   671 | D        | Killed a hippogriff
   671 | D        | Reached skill level 5 in Axes
   684 | D        | Reached XP level 7. HP: 18/70 MP: 6/6
   934 | D        | Noticed a hippogriff
   934 | D        | Noticed a shadow
   934 | D        | Noticed a shadow
   937 | D        | Reached skill level 10 in Armour
   941 | D        | Killed a shadow
   941 | D        | Reached skill level 10 in Fighting
   941 | D        | Reached skill level 1 in Dodging
   946 | D        | Killed a shadow
   955 | D        | Killed a hippogriff
   955 | D        | Reached XP level 8. HP: 20/81 MP: 7/7
  1297 | D        | Noticed a komodo dragon
  1297 | D        | Noticed a spiny frog
  1298 | D        | Noticed a spiny frog
  1301 | D        | Killed a spiny frog
  1301 | D        | Reached skill level 10 in Axes
  1304 | D        | Reached skill level 10 in Shields
  1313 | D        | Killed a komodo dragon
  1321 | D        | Reached XP level 9. HP: 54/89 MP: 8/8
  1323 | D        | Killed a spiny frog
  1461 | D        | Noticed an elephant
  1461 | D        | Noticed a six-headed hydra
  1592 | D        | Killed a seven-headed hydra
  1609 | D        | Killed an elephant
  1987 | D        | Reached XP level 10. HP: 100/100 MP: 9/9
  2022 | D        | Reached skill level 15 in Axes
  2039 | D        | Noticed a spiny frog
  2045 | D        | Killed a spiny frog
  2053 | D        | Noticed a spiny frog
  2067 | D        | Reached skill level 5 in Short Blades
  2076 | D        | Killed a spiny frog
  2295 | D        | Noticed Psyche
  2304 | D        | Killed Psyche
  2354 | D        | Noticed an orc sorcerer
  2368 | D        | Noticed a sixfirhy
  2373 | D        | Killed an orc sorcerer
  2399 | D        | Noticed an orc knight
  2409 | D        | Reached skill level 1 in Stealth
  2410 | D        | Noticed an orc knight
  2484 | D        | Killed an orc knight
  2672 | D        | Killed an orc knight
  2672 | D        | Reached XP level 11. HP: 64/110 MP: 10/10
  2885 | D        | Noticed an orc knight
  2892 | D        | Killed an orc knight
  3561 | D        | Found Faryesue's Assorted Antiques.
  3561 | D        | Noticed an orc high priest
  3561 | D        | Noticed an orc high priest
  3561 | D        | Noticed an orc high priest
  3561 | D        | Noticed an orc knight
  3561 | D        | Noticed an orc high priest
  3563 | D        | Noticed an orc high priest
  3565 | D        | Noticed a sixfirhy
  3568 | D        | Killed an orc high priest
  3580 | D        | Noticed a sun demon
  3585 | D        | Killed an orc knight
  3600 | D        | Noticed a sun demon
  3919 | D        | Killed an orc high priest
  3919 | D        | Reached skill level 15 in Armour
  4081 | D        | Killed an orc high priest
  4092 | D        | Killed an orc high priest
  4115 | D        | Killed an orc high priest
  4115 | D        | Reached skill level 10 in Long Blades
  4171 | D        | Noticed an orc knight
  4508 | D        | Killed an orc knight
  4804 | D        | Noticed an orc high priest
  4816 | D        | Killed an orc high priest
  4838 | D        | Found Suit's Food Shop.
  4842 | D        | Found Vuev's Magic Scroll Boutique.
  4846 | D        | Found Celiw's Gadget Shop.
  4848 | D        | Noticed an orc high priest
  4849 | D        | Noticed an orc knight
  4850 | D        | Noticed an orc high priest
  4851 | D        | Noticed a sun demon
  4851 | D        | Noticed an orc knight
  4856 | D        | Noticed an orc knight
  4861 | D        | Killed an orc high priest
  4863 | D        | HP: 3/111 [orc high priest/divine providence (10)]
  5288 | D        | Killed an orc high priest
  5332 | D        | Killed an orc knight
  5332 | D        | Reached skill level 15 in Fighting
  5332 | D        | Reached skill level 15 in Shields
  5563 | D        | Killed an orc knight
  5669 | D        | Killed an orc knight
  5669 | D        | Reached XP level 12. HP: 81/121 MP: 11/11
  5898 | D        | Noticed Joseph
  5909 | D        | Killed Joseph
  5951 | D        | Bought a lightning rod (4/4) for 560 gold pieces
  6070 | D        | Noticed Grum
  6083 | D        | Killed Grum
  6100 | D        | Noticed Erolcha
  6111 | D        | Killed Erolcha
  6175 | D        | Found the +10 Black Knight's horse barding {ponderous, rPois rN+}
  6361 | D        | Noticed a stone giant
  6374 | D        | Noticed an ice dragon
  6379 | D        | Noticed a brown very ugly thing
  6403 | D        | Killed a stone giant
  6426 | D        | Killed a brown very ugly thing
  6435 | D        | Killed an ice dragon
  6435 | D        | Reached skill level 15 in Long Blades
  6449 | D        | Paralysed by fainting for 5 turns
  6767 | D        | Noticed a deep troll earth mage
  6780 | D        | Killed a deep troll earth mage
  7072 | D        | Noticed a green very ugly thing
  7092 | D        | Killed a purple very ugly thing
  7306 | D        | Noticed a thorn hunter
  7392 | D        | Killed a thorn hunter
  7392 | D        | Reached skill level 5 in Dodging
  7666 | D        | Reached XP level 13. HP: 107/132 MP: 12/12
  7674 | D        | Reached skill level 1 in Evocations
  8711 | D        | Noticed Snorg
  8718 | D        | Killed Snorg
  8792 | D        | Noticed Kirke
  8802 | D        | Killed Kirke
  8848 | D        | Noticed Agnes
  8856 | D        | Killed Agnes
  8914 | D        | Noticed a stone giant
  8919 | D        | Killed a stone giant
  9225 | D        | Noticed a stone giant
  9232 | D        | Reached skill level 5 in Evocations
  9235 | D        | Killed a stone giant
  9235 | D        | Reached XP level 14. HP: 128/147 MP: 15/17
  9239 | D        | Noticed a stone giant
  9250 | D        | Killed a stone giant
  9504 | D        | Noticed an ironheart preserver
  9508 | D        | Killed an ironheart preserver
  9514 | D        | Noticed an ironheart preserver
  9520 | D        | Killed an ironheart preserver
  9528 | D        | Noticed an ironheart preserver
  9534 | D        | Noticed an ironheart preserver
  9540 | D        | Noticed a cyan very ugly thing
  9544 | D        | Killed an ironheart preserver
  9551 | D        | Killed an ironheart preserver
  9558 | D        | Killed a cyan very ugly thing
  9558 | D        | Reached skill level 10 in Evocations
  9834 | D        | Got the +0 pair of gloves of Unambiguity {rPois MR+ Dex+4}
 10043 | D        | Got a decaying rune of Zot
 10079 | D        | Noticed Ilsuiw
 10081 | D        | Reached XP level 15. HP: 153/158 MP: 19/23
 10115 | D        | Killed Ilsuiw
 10139 | D        | Got a barnacled rune of Zot
 10410 | D        | Killed a ghost moth
 10410 | D        | Killed a ghost moth
 10456 | D        | Got a gossamer rune of Zot
 10724 | D        | Noticed a nagaraja
 10727 | D        | Noticed a nagaraja
 10730 | D        | Noticed a nagaraja
 10734 | D        | Killed a nagaraja
 10740 | D        | Killed a nagaraja
 10741 | D        | Noticed a nagaraja
 10744 | D        | Killed a nagaraja
 10745 | D        | Noticed a nagaraja
 10751 | D        | Killed a nagaraja
 10755 | D        | Killed a nagaraja
 10870 | D        | Got a serpentine rune of Zot
 11227 | D        | Reached skill level 27 in Shields
 11238 | D        | Reached skill level 15 in Evocations
 11259 | D        | Reached XP level 16. HP: 160/172 MP: 26/26
 11338 | D        | Noticed a golden dragon
 11349 | D        | Reached skill level 10 in Dodging
 11354 | D        | Noticed a shadow dragon
 11357 | D        | Killed a golden dragon
 11358 | D        | Noticed a shadow dragon
 11370 | D        | Killed a shadow dragon
 11375 | D        | Killed a shadow dragon
 11676 | D        | Noticed a shadow dragon
 11676 | D        | Noticed a quicksilver dragon
 11676 | D        | Noticed a lich
 11676 | D        | Noticed a shadow dragon
 11680 | D        | Noticed a shadow dragon
 11681 | D        | Noticed a golden dragon
 11681 | D        | Killed a quicksilver dragon
 11681 | D        | Killed a lich
 11682 | D        | Killed a shadow dragon
 11694 | D        | Killed a golden dragon
 11698 | D        | Killed a shadow dragon
 11701 | D        | Killed a shadow dragon
 11708 | D        | Got a silver rune of Zot
 11717 | D        | Identified a +2 pair of boots of running (You found it in the Dungeon)
 11949 | D        | Noticed Frederick
 11961 | D        | Killed Frederick
 12041 | D        | Got the ring of Sonogur {*Contam rElec rF+ Dex+9 Slay+3}
 12068 | D        | Got the ring of Ru's Regard {rPois MP+9 EV+1}
 12070 | D        | Got the ring "Cyuxun" {rC+ Int+3 SInv}
 12207 | D        | Noticed Mara
 12211 | D        | Noticed equalderp2856's illusion
 12222 | D        | Killed Mara
 12222 | D        | Reached skill level 27 in Fighting
 12222 | D        | Reached XP level 17. HP: 134/191 MP: 27/29
 12341 | D        | Noticed Boris
 12360 | D        | Killed Boris
 12629 | D        | Noticed a golden dragon
 12641 | D        | Reached skill level 27 in Long Blades
 13016 | D        | Killed a golden dragon
 13217 | D        | Noticed a golden dragon
 13237 | D        | Killed a golden dragon
 13264 | D        | HP: 6/191 [green draconian annihilator/bolt of lightning (20)]
 13269 | D        | HP: 5/191 [poisoned by a green draconian annihilator (poison arrow)]
 13274 | D        | HP: 4/191 [poisoned by a green draconian annihilator (poison arrow)]
 13282 | D        | HP: 5/191 [poisoned by a green draconian annihilator (poison arrow)]
 13287 | D        | HP: 6/191 [poisoned by a green draconian annihilator (poison arrow)]
 13797 | D        | Noticed a tentacled monstrosity
 13797 | D        | Noticed a tentacled monstrosity
 13797 | D        | Noticed a tentacled monstrosity
 13806 | D        | Killed a tentacled monstrosity
 13809 | D        | Killed a tentacled monstrosity
 13810 | D        | Killed a tentacled monstrosity
 13903 | D        | Noticed a tentacled monstrosity
 13903 | D        | Noticed a golden dragon
 13911 | D        | Reached skill level 27 in Armour
 13916 | D        | Reached XP level 18. HP: 169/200 MP: 31/33
 13917 | D        | Killed a golden dragon
 13918 | D        | Killed a tentacled monstrosity
 13987 | D        | Noticed an electric golem
 13987 | D        | Noticed a tentacled monstrosity
 13991 | D        | Noticed a tentacled monstrosity
 13994 | D        | Killed a tentacled monstrosity
 13994 | D        | Reached skill level 15 in Dodging
 14007 | D        | Noticed a tentacled monstrosity
 14020 | D        | Killed a tentacled monstrosity
 14036 | D        | Killed a tentacled monstrosity
 14053 | D        | Killed an electric golem
 14374 | D        | Noticed an Orb Guardian
 14374 | D        | Noticed an Orb Guardian
 14374 | D        | Noticed an Orb Guardian
 14374 | D        | Noticed an Orb Guardian
 14374 | D        | Noticed an Orb Guardian
 14374 | D        | Noticed an Orb Guardian
 14377 | D        | Killed an Orb Guardian
 14378 | D        | Noticed an Orb Guardian
 14385 | D        | Killed an Orb Guardian
 14385 | D        | Reached skill level 27 in Evocations
 14390 | D        | Killed an Orb Guardian
 14394 | D        | Killed an Orb Guardian
 14394 | D        | Reached skill level 5 in Stealth
 14406 | D        | Killed an Orb Guardian
 14417 | D        | Killed an Orb Guardian
 14431 | D        | Killed an Orb Guardian
 14449 | D        | Noticed an Orb Guardian
 14463 | D        | Killed an Orb Guardian
 14465 | D        | Noticed an Orb Guardian
 14466 | D        | Noticed an Orb Guardian
 14474 | D        | Killed an Orb Guardian
 14481 | D        | Killed an Orb Guardian
 14640 | D        | Noticed a tentacled monstrosity
 14640 | D        | Noticed an Orb Guardian
 14640 | D        | Noticed an Orb Guardian
 14645 | D        | Noticed an Orb Guardian
 14657 | D        | Noticed an Orb Guardian
 14672 | D        | Killed an Orb Guardian
 14683 | D        | Killed a tentacled monstrosity
 14692 | D        | Killed an Orb Guardian
 14709 | D        | Killed an Orb Guardian
 14712 | D        | Killed an Orb Guardian
 14860 | D        | Noticed an ancient lich
 14875 | D        | Killed an ancient lich
 14941 | D        | Noticed an orb of fire
 14948 | D        | Gained mutation: You are weak. (Str -2) [an orb of fire]
 14954 | D        | Gained mutation: You are clumsy. (Dex -2) [an orb of fire]
 14965 | D        | Gained mutation: Your spells are a little easier to cast, but a little less powerful. [an orb of fire]
 14972 | D        | Killed an orb of fire
 14972 | D        | Reached skill level 27 in Dodging
 14972 | D        | Reached XP level 19. HP: 121/207 MP: 35/35
 15168 | D        | Noticed an electric golem
 15197 | D        | Killed an electric golem
 15386 | D        | Noticed an electric golem
 15386 | D        | Noticed an ancient lich
 15388 | D        | Noticed an orb of fire
 15392 | D        | Noticed an orb of fire
 15408 | D        | Killed an ancient lich
 15424 | D        | HP: 10/207 [poisoned by an ancient lich (poison arrow)]
 15429 | D        | HP: 9/207 [poisoned by an ancient lich (poison arrow)]
 15436 | D        | HP: 8/207 [poisoned by an ancient lich (poison arrow)]
 15441 | D        | HP: 7/207 [poisoned by an ancient lich (poison arrow)]
 15448 | D        | HP: 7/207 [poisoned by an ancient lich (poison arrow)]
 15458 | D        | HP: 7/207 [poisoned by an ancient lich (poison arrow)]
 15464 | D        | HP: 8/207 [poisoned by an ancient lich (poison arrow)]
 15471 | D        | HP: 9/207 [poisoned by an ancient lich (poison arrow)]
 15476 | D        | HP: 10/207 [poisoned by an ancient lich (poison arrow)]
 15965 | D        | Gained mutation: You are very weak. (Str -4) [an orb of fire]
 15967 | D        | Gained mutation: Your magical capacity is low. (-10% MP) [an orb of fire]
 15972 | D        | Gained mutation: Scrolls take you a little longer to read. [an orb of fire]
 15975 | D        | Gained mutation: Armour fits poorly on your strangely shaped body. [an orb of fire]
 15978 | D        | Gained mutation: Your magical capacity is very low. (-20% MP) [an orb of fire]
 15988 | D        | Killed an orb of fire
 16037 | D        | Learned a level 4 spell: Summon Lightning Spire
 16362 | D        | Reached skill level 1 in Summonings
 16367 | D        | Gained mutation: You are dopey. (Int -2) [an orb of fire]
 16385 | D        | Gained mutation: You occasionally shout uncontrollably at your foes. [an orb of fire]
 16394 | D        | Gained mutation: You are very dopey. (Int -4) [an orb of fire]
 16399 | D        | Lost mutation: You are very weak. (Str -4) [an orb of fire]
 16405 | D        | Gained mutation: You expend magic power (3 MP) to strengthen your wands. [an orb of fire]
 16406 | D        | Killed an orb of fire
 16406 | D        | Reached skill level 5 in Spellcasting
 16406 | D        | Reached skill level 5 in Summonings
 16659 | D        | Got the ring "Sawkytis" {rCorr Str+3}
 16661 | D        | Got the ring "Qox Coho" {rC+ Dex+3}
 17445 | D        | Lost mutation: You are clumsy. (Dex -2) [potion of mutation]
 17445 | D        | Lost mutation: Armour fits poorly on your strangely shaped body. [potion of mutation]
 17445 | D        | Lost mutation: You expend magic power (3 MP) to strengthen your wands. [potion of mutation]
 17445 | D        | Lost mutation: Your spells are a little easier to cast, but a little less powerful. [potion of mutation]
 17445 | D        | Gained mutation: You are surrounded by a mild repulsion field. (EV +2) [potion of mutation]
 17445 | D        | Gained mutation: You are covered in fur. (AC +1) [potion of mutation]
 17488 | D        | Paralysed by fainting for 7 turns
 17584 | D        | Bought a ration for 55 gold pieces
 17584 | D        | Bought a ration for 55 gold pieces
 17584 | D        | Bought a ration for 55 gold pieces
 17584 | D        | Bought a ration for 55 gold pieces
 17584 | D        | Bought a ration for 55 gold pieces
 17584 | D        | Bought a ration for 55 gold pieces
 17584 | D        | Bought a ration for 55 gold pieces
 17584 | D        | Bought a ration for 55 gold pieces
 17584 | D        | Bought a ration for 55 gold pieces
 17584 | D        | Bought a ration for 55 gold pieces
 17586 | D        | Bought a scroll labeled DEGGEO FEREPA for 24 gold pieces
 17594 | D        | Bought a scroll of magic mapping for 35 gold pieces
 17598 | D        | Bought a scroll of enchant weapon for 75 gold pieces
 18779 | D        | Killed an electric golem
 18925 | D        | Noticed an ancient lich
 18927 | D        | Noticed a golden dragon
 18928 | D        | Noticed an electric golem
 18935 | D        | Killed an ancient lich
 18935 | D        | Reached skill level 10 in Summonings
 18949 | D        | Killed an electric golem
 18970 | D        | Killed a golden dragon
 18970 | D        | Reached skill level 10 in Spellcasting
 19319 | D        | Mangled by an Orb Guardian

Skill      XL: |  1  2  3  4  5  6  7  8  9 10 11 12 13 14 15 16 17 18 19 |
---------------+----------------------------------------------------------+-----
Fighting       | 4 5 6 8 9 10 11 12 14 15 17 19 21 23 27 | 27.0
Armour         | 4 5 7 8 9 11 12 13 14 16 17 19 20 21 23 27 | 27.0
Shields        | 4 5 6 8 9 10 11 13 15 17 20 23 27 | 27.0
Long Blades    | 4 5 7 8 12 16 18 19 21 25 27 | 27.0
Axes           | 3 5 9 12 14 17 18 | 18.0
Dodging        | 1 2 3 4 5 6 7 9 11 14 27 | 27.0
Short Blades   | 3 5 |  5.8
Stealth        | 1 2 3 4 9 16 | 16.7
Evocations     | 5 12 15 18 24 27 | 27.0
Summonings     | 14 | 14.3
Spellcasting   | 13 | 13.4

Action                   |  1- 3 |  4- 6 |  7- 9 | 10-12 | 13-15 | 16-18 | 19-21 || total
-------------------------+-------+-------+-------+-------+-------+-------+-------++-------
Melee: Long sword        |    26 |       |       |    14 |       |       |       ||    40
       Headbutt          |     6 |     4 |    19 |   143 |   100 |   178 |    60 ||   510
       Broad axe         |     2 |    27 |    58 |   118 |       |       |       ||   205
       Rapier            |       |       |    16 |       |       |       |       ||    16
       Scimitar          |       |       |       |   382 |   166 |       |       ||   548
       Double sword      |       |       |       |       |   205 |   539 |   282 ||  1026
Evoke: Lightning rod     |       |       |       |     4 |    99 |    75 |     5 ||   183
       Wand              |       |       |       |       |       |       |     1 ||     1
  Use: Potion            |       |     1 |     4 |     5 |     1 |       |     2 ||    13
       Scroll            |       |       |       |     1 |       |     3 |     9 ||    13
 Stab: Invisible         |       |       |       |     2 |       |       |       ||     2
  Eat: Chunk             |       |       |     2 |     6 |     5 |     8 |     3 ||    24
       Ration            |       |       |       |     4 |     2 |     1 |     3 ||    10
Armor: Scale mail        |     7 |       |       |       |       |       |       ||     7
       Chain mail        |     1 |    20 |    38 |     6 |    60 |    17 |       ||   142
       Plate armour      |       |       |       |   139 |    68 |   104 |    35 ||   346
       Storm dragon scal |       |       |       |       |       |     6 |       ||     6
Dodge: Dodged            |     6 |    18 |    23 |    85 |    90 |   147 |    86 ||   455
Block: Shield            |    14 |    22 |    44 |   198 |    98 |       |       ||   376
       Large shield      |       |       |       |       |   230 |   495 |   198 ||   923
       Rpst.: Long sword |     2 |       |       |       |       |       |       ||     2
       Scimitar          |       |       |       |    15 |    10 |       |       ||    25
       Double sword      |       |       |       |       |     2 |    15 |     6 ||    23
